Map: Oxide LE

Players

Spirit (souL) - Winner!

  • Race: Terran Terran

Hellraiser

  • Race: Protoss Protoss

Event: DreamHack SC2 Masters 2021 Winter

VOD

Have the link to the VOD?

Description

Time

  • Played on: Oct. 6, 2021, 12:44 p.m.
  • Length: 6:54

All games in this series

Show
View Real Time Build Order
Export as new Build Order

Spirit Terran - Winner!

Build Orders:  

Get SALT Encoding   

  12  0:00  SCV  
  13  0:12  SCV  
  14  0:17  Supply Depot  
  14  0:24  SCV  
  15  0:38  SCV  
  15  0:40  Barracks  
  16  0:50  SCV  
  16  0:52  Refinery  
  17  1:02  SCV  
  18  1:14  SCV  
  19  1:27  Marine, Orbital Command  
  20  1:41  Command Center  
  20  1:46  Barracks Reactor  
  20  1:53  SCV  
  21  1:56  Supply Depot  
  21  2:05  SCV  
  22  2:17  SCV  
  22  2:18  Factory  
  22  2:19  Bunker  
  22  2:22  Marine  
  24  2:23  Marine  
  24  2:29  SCV  
  26  2:34  Refinery  
  26  2:40  Marine  
  26  2:41  SCV, Marine  
  28  2:48  Bunker  
  28  2:56  Orbital Command  
  28  3:01  Factory Tech Lab  
  28  3:02  SCV  
  28  3:04  Marine  
  30  3:10  Marine  
  31  3:19  Cyclone  
  34  3:28  Marine  
  34  3:32  Marine  
  36  3:35  Supply Depot  
  36  3:36  Mag-Field Accelerator  
  36  3:40  Bunker  
  36  3:46  Marine  
  37  3:48  SCV  
  37  3:49  Marine  
  37  3:53  SCV  
  37  3:54  Cyclone  
  41  4:03  SCV  
  41  4:04  Marine  
  41  4:05  SCV  
  41  4:07  Marine  
  43  4:15  SCV  
  44  4:22  SCV, Marine  
  46  4:26  Cyclone  
  46  4:27  SCV  
  49  4:34  SCV  
  49  4:38  Marine  
  49  4:39  SCV  
  50  4:46  SCV  
  50  4:50  Marine  
  50  4:51  SCV  
  53  4:56  Marine  
  53  4:58  SCV  
  54  5:01  Supply Depot  
  54  5:11  Marine  
  54  5:12  SCV, Siege Tank  
  59  5:14  Marine  
  59  5:18  SCV  
  58  5:24  SCV  
  59  5:31  SCV  
  59  5:34  Marine  
  61  5:36  SCV  
  62  5:47  SCV  
  62  5:48  SCV  
  61  5:55  Engineering Bay  
  61  5:59  SCV  
  62  6:10  Supply Depot  
  62  6:12  SCV x2  
  62  6:13  Siege Tank  
  60  6:25  Missile Turret  
  60  6:27  Marine x2  
  60  6:28  SCV  
  60  6:32  SCV  
  63  6:36  Bunker  
  63  6:40  SCV  
Show
View Real Time Build Order
Export as new Build Order

Hellraiser Protoss 

Build Orders: Proxy Void Ray 

Get SALT Encoding   

  12  0:00  Probe  
  13  0:12  Probe  
  14  0:18  Pylon  
  14  0:24  Probe (Chrono Boost)  
  15  0:37  Gateway  
  15  0:38  Probe (Chrono Boost)  
  16  0:43  Probe (Chrono Boost)  
  16  0:46  Assimilator  
  17  0:53  Probe  
  17  0:55  Assimilator  
  18  1:05  Probe  
  19  1:17  Probe  
  20  1:25  Cybernetics Core  
  20  1:29  Probe  
  20  1:32  Pylon  
  21  1:41  Probe  
  22  1:54  Probe  
  23  1:59  Stalker (Chrono Boost)  
  23  2:01  Stargate  
  23  2:06  Probe  
  26  2:13  Warp Gate  
  26  2:23  Stalker  
  26  2:24  Pylon  
  28  2:35  Void Ray (Chrono Boost)  
  28  2:42  Shield Battery  
  32  2:51  Shield Battery  
  31  3:03  Void Ray (Chrono Boost)  
  31  3:08  Shield Battery  
  35  3:17  Gateway  
  35  3:20  Gateway  
  35  3:26  Shield Battery  
  35  3:35  Shield Battery  
  35  3:37  Void Ray  
  39  3:54  Pylon  
  39  4:13  Stalker x2  
  39  4:15  Stalker  
  45  4:20  Shield Battery  
  43  4:36  Stalker x2  
  47  4:50  Stalker  
  47  4:57  Pylon  
  47  5:08  Pylon  
  47  5:12  Void Ray (Chrono Boost)  
  51  5:22  Stalker  
  53  5:39  Stalker x2  
  57  5:51  Stalker  
  59  5:58  Pylon  
  59  6:03  Stalker  
  61  6:06  Stalker  
  40  6:25  Zealot  
  41  6:29  Zealot  
  47  6:33  Zealot  

Tags
 
Add a new tag
Caveats
  • Supply blocks, unpowered buildings, or Contaminate may cause inaccurate times.
  • Supply counts are checked every 10 seconds.